 Dungeon Crawl Stone Soup version 0.29.1-1-gd02db69 (webtiles) character file.

Game seed: 13473852091606161340

210 Vaargak the Trooper (level 5, -2/42 HPs)
             Began as a Demonspawn Abyssal Knight on Sept 26, 2022.
             Was a Believer of Lugonu.
             Slain by a gnoll
             ... wielding a +0 club
             ... led by a gnoll bouda
              (4 damage)
             ... on level 4 of the Dungeon.
             The game lasted 00:18:06 (3144 turns).

Vaargak the Trooper (Demonspawn Abyssal Knight)     Turns: 3144, Time: 00:18:06

Health: -2/42      AC: 13    Str: 15    XL:     5   Next: 57%
Magic:  7/7        EV:  7    Int: 12    God:    Lugonu [**....]
Gold:   156        SH:  0    Dex: 25    Spells: 4/4 levels left

rFire   . . .      SeeInvis .   a - +1 falchion
rCold   . . .      Faith    .   (no shield)
rNeg    . . .      Spirit   .   e - +0 plate armour
rPois   .          Reflect  .   b - +2 hat
rElec   .          Harm     .   (no cloak)
rCorr   .          Rampage  .   (no gloves)
Will    .....                   (no boots)
Stlth   ..........              c - amulet of the acrobat
HPRegen 0.14/turn               l - +6 ring of dexterity
MPRegen 0.10/turn               n - +6 ring of dexterity

@: no status effects
A: horns 1, sturdy frame 2
a: Renounce Religion, Depart the Abyss, Bend Space


You were on level 4 of the Dungeon.
You worshipped Lugonu.
Lugonu was pleased with you.
You visited 1 branch of the dungeon, and saw 4 of its levels.
You visited the Abyss 1 time.

You collected 156 gold pieces.

Inventory:

Hand Weapons
 a - a +1 falchion (weapon)
Armour
 b - a +2 hat (worn)
 e - a +0 plate armour (worn)
Magical Staves
 o - a staff of air
Jewellery
 c - an amulet of the acrobat (around neck)
 l - a +6 ring of dexterity (left hand)
 n - a +6 ring of dexterity (right hand)
Scrolls
 h - a scroll of blinking {unknown}
 p - a scroll of torment {unknown}
 q - 2 scrolls of identify {unknown}
 s - a scroll of teleportation {unknown}
 t - a scroll of brand weapon {unknown}
 u - 2 scrolls of noise {unknown}
Potions
 d - 3 potions of curing {unknown}
 f - a potion of lignification {unknown}
 g - a potion of haste {unknown}
 i - a potion of flight {unknown}
 j - 3 potions of degeneration {unknown}
 k - 2 potions of brilliance {unknown}
 m - a potion of heal wounds {unknown}
 r - a potion of berserk rage {unknown}
 v - a potion of attraction {unknown}


   Skills:
 + Level 4.1 Fighting
 + Level 3.3 Long Blades
 + Level 3.0 Armour
 + Level 1.0 Dodging
 + Level 1.3 Stealth
 * Level 2.9 Invocations


You had 4 spell levels left.
You didn't know any spells.
Your spell library was empty.

Dungeon Overview and Level Annotations

Branches:
Dungeon (4/15)
 Temple: D:4-7

Altars:
Makhleb

Shops:
D:1 =   D:4 *


Innate Abilities, Weirdness & Mutations

You have a pair of small horns on your head.
Your movements are less encumbered by armour. (ER -4)


Message History

The gnoll hits you from afar with a +0 spear of flaming.
The gnoll burns you.
The gnoll bouda hits you with a +0 club.
The gnoll closely misses you.
You barely miss the gnoll bouda.
The gnoll bouda is almost dead.
The gnoll bouda hits you with a +0 club.
The gnoll barely misses you.
You closely miss the gnoll bouda.
The gnoll bouda is almost dead.
The gnoll bouda prays to its god.
The gnoll bouda is healed somewhat.
The gnoll hits you from afar with a +0 spear of flaming.
The gnoll burns you. The gnoll bouda barely misses you.
You slash the gnoll bouda!
You kill the gnoll bouda!
Lugonu accepts your kill.
The gnoll hits you but does no damage. x2
Your Stealth skill increases to level 1!
You hit the gnoll.
The gnoll is moderately wounded.
Your attacks no longer feel as feeble.
The gnoll hits you but does no damage. x3
The gnoll hits you from afar with a +0 halberd.
You barely miss the gnoll.
The gnoll is moderately wounded.
The gnoll is no longer moving quickly.
The gnoll hits you from afar with a +0 spear of flaming.
The gnoll burns you. The gnoll hits you with a +0 club.
The gnoll hits you from afar with a +0 halberd.
* * * LOW HITPOINT WARNING * * *
You slash the gnoll!
The gnoll is severely wounded.
The gnoll is no longer moving quickly. x2
The gnoll hits you from afar with a +0 spear of flaming!
* * * LOW HITPOINT WARNING * * *
The gnoll burns you.
* * * LOW HITPOINT WARNING * * *
The gnoll hits you with a +0 club.
You die...

... #.. #.. #..
# #.. #.#..
#...g###########
#..ggg@........#
#.#g#########.##
.. ..# #.# #g#.
#.# #.# #
#.####.####.#
#.#8........#
#.#.#.....#####
#.#8...<..# #
#.#.......#


You could see 5 gnolls.

Vanquished Creatures
  A phantom (D:3)
  A gnoll bouda (D:4)
  Robin (D:2)
  4 gnolls (D:3)
  An adder (D:2)
  3 orcs (D:3)
  4 bats
  An endoplasm (D:2)
  A giant cockroach (D:3)
  11 goblins
  7 hobgoblins
  3 kobolds
  2 quokkas
  2 ball pythons
  2 frilled lizards
  5 rats
49 creatures vanquished.

Notes
Turn   | Place    | Note
-------+----------+-------------------------------------------
     0 | Abyss:1  | Vaargak the Demonspawn Abyssal Knight began the quest for
                  | the Orb.
     0 | Abyss:1  | Reached XP level 1. HP: 18/18 MP: 2/2
    53 | Abyss:1  | Noticed a large abomination
    59 | Abyss:1  | Noticed an air elemental
    60 | D:1      | Escaped the Abyss
   376 | D:1      | Found a faded altar of an unknown god.
   406 | D:1      | Found Neshrufo's Jewellery Emporium.
  1309 | D:2      | Gained mutation: Your movements are slightly less
                  | encumbered by armour. (ER -2) [demonic ancestry]
  1309 | D:2      | Reached XP level 2. HP: 25/25 MP: 3/3
  1672 | D:2      | Found a burning altar of Makhleb.
  1699 | D:2      | Noticed Robin
  1713 | D:2      | Reached ** piety under Lugonu
  1714 | D:2      | Reached XP level 3. HP: 30/30 MP: 4/4
  1719 | D:2      | Killed Robin
  2352 | D:3      | Reached skill level 4 in Fighting
  2513 | D:3      | Noticed a phantom
  2529 | D:3      | Killed a phantom
  2530 | D:3      | Reached skill level 1 in Dodging
  2530 | D:3      | Gained mutation: You have a pair of small horns on your
                  | head. [demonic ancestry]
  2530 | D:3      | Reached XP level 4. HP: 26/37 MP: 5/5
  2687 | D:3      | Gained mutation: Your movements are less encumbered by
                  | armour. (ER -4) [demonic ancestry]
  2687 | D:3      | Reached XP level 5. HP: 42/42 MP: 6/6
  3101 | D:4      | Found Vudax's General Store.
  3142 | D:4      | Reached skill level 1 in Stealth
  3144 | D:4      | HP: 2/42 [gnoll/+0 spear of flaming[a gnoll bouda] (3)]
  3144 | D:4      | Slain by a gnoll

Illustrated notes

Levels and vault maps discovered:
D:1:      lemuel_arrival_rhombus, layout_loops_corners,
          chequers_ecumenical_altar_simple, serial_shops,
          nicolae_shop_hallway_plus
D:2:      layout_basic, basic_altar, uniq_robin
D:3:      layout_loops_ring, nrook_uturn
D:4:      layout_basic, nicolae_stop_n_shop_1

Skill      XL: |  1  2  3  4  5 |
---------------+----------------+-----
Armour         | 2 3 |  3.0
Long Blades    | 3 |  3.3
Fighting       | 4 |  4.1
Dodging        | 1 |  1.0
Stealth        | 1 |  1.3
Invocations    | |  2.9

Action                   |  1- 3 |  4- 6 || total
-------------------------+-------+-------++-------
Melee: Falchion          |   109 |    34 ||   143
       Punch             |     1 |     2 ||     3
       Headbutt          |       |     4 ||     4
Invok: Depart the Abyss  |     1 |       ||     1
Armor: Plate armour      |    71 |    20 ||    91
Dodge: Dodged            |    44 |    16 ||    60
